 Dungeon Crawl Stone Soup version 0.30-a0-313-gae38170b09 (webtiles) character file.

Game seed: 13017722085143611798

503 lunkers the Digger (level 7, -2/50 HPs)
             Began as a Meteoran Earth Elementalist on Oct 26, 2022.
             Was an Initiate of Gozag.
             Slain by a killer bee (4 damage)
             ... on level 5 of the Dungeon.
             The game lasted 00:02:29 (1776 turns).

lunkers the Digger (Meteoran Earth Elementalist)    Turns: 1776, Time: 00:02:30

Health: -2/50      AC:  3    Str:  9    XL:     7   Next: 68%
Magic:  6/16       EV: 12    Int: 23    God:    Gozag
Gold:   316        SH:  0    Dex: 14    Spells: 10/16 levels left

rFire   . . .      SeeInvis .    (no weapon)
rCold   . . .      Faith    .    (no shield)
rNeg    . . .      Spirit   .    n - +0 robe of Guadaena {Will+ Regen+ Int+3}
rPois   .          Reflect  .    j - +0 helmet
rElec   .          Harm     .    (no cloak)
rCorr   .          Rampage  .    (no gloves)
Will    +....                    (no boots)
Stlth   +.........               (no amulet)
HPRegen 1.08/turn                (no ring)
MPRegen 0.15/turn                (no ring)

@: lethally poisoned (-2 -> -2), gold aura, glowing
A: sense surroundings 1, otherworldly, glowing, explore regen
a: Renounce Religion, Potion Petition, Call Merchant, Bribe Branch


You were on level 5 of the Dungeon.
You worshipped Gozag.
Gozag was aware of your devotion.
You visited 1 branch of the dungeon, and saw 5 of its levels.

You collected 390 gold pieces.
You paid 74 gold pieces to Gozag.

Inventory:

Armour
 a - a +0 robe
 j - a +0 helmet (worn)
 n - the +0 robe of Guadaena (worn) {Will+ Regen+ Int+3}
   (You found it on level 4 of the Dungeon)

   Int:       It affects your intelligence (+3).
   Regen:     It increases your rate of health regeneration.
   Will:      It increases your willpower.
Jewellery
 k - a ring of poison resistance
 p - an amulet of magic regeneration
Wands
 e - a wand of flame (6)
 f - a wand of digging (22)
Scrolls
 d - a scroll of silence
 h - 2 scrolls of identify {unknown}
 l - a scroll of immolation {unknown}
 m - a scroll of blinking {unknown}
 q - a scroll of teleportation {unknown}
 t - a scroll of vulnerability {unknown}
 u - a scroll of fear {unknown}
Potions
 c - a potion of flight {unknown}
 g - 2 potions of curing {unknown}
 i - a potion of attraction {unknown}
 o - a potion of brilliance {unknown}
 r - a potion of haste {unknown}
 s - 2 potions of might {unknown}


   Skills:
 - Level 2.4 Dodging
 - Level 1.4 Stealth
 + Level 5.3 Spellcasting
 * Level 3.0 Conjurations
 - Level 1.2 Transmutations
 * Level 7.6 Earth Magic


You had 10 spell levels left.
You knew the following spells:

 Your Spells              Type           Power      Damage    Failure   Level
a - Sandblast             Erth           82%        2d17      1%          1
b - Passwall              Tmut/Erth      21%        N/A       2%          2
c - Stone Arrow           Conj/Erth      60%        3d10      3%          3

Your spell library contained the following spells:

 Spells                   Type           Power      Damage    Failure   Level
 Ensorcelled Hibernation  Hex/Ice        12%        N/A       14%         2
 Petrify                  Tmut/Erth      26%        N/A       14%         4
 Swiftness                Air            6%         N/A       26%         3


Dungeon Overview and Level Annotations

Branches:
Dungeon (5/15) Zot: 1175
 Temple: D:4-7

Altars:
Ashenzari
Gozag
Kikubaaqudgha
Okawaru
Sif Muna
Uskayaw
Wu Jian


Innate Abilities, Weirdness & Mutations

You passively map a small area around you.
You are easily found by Zot.
You glow in the dark.
You regain HP and MP as you explore.


Message History

* * * LOW HITPOINT WARNING * * *
The killer bee stings you.
* * * LOW HITPOINT WARNING * * *
Dowan hits you with a +0 dagger.
* * * LOW HITPOINT WARNING * * *
Unknown command.
Casting: Stone Arrow (dangerous; 3% risk of failure)
Confirm with . or Enter, or press ? or * to list all spells.
Aiming: Stone Arrow (dangerous; 3% risk of failure)
Press: ? - help, Shift-Dir - straight line, f/p - Dowan
Aim: Dowan, wielding a +0 dagger and wearing a +0 robe (heavily wounded, fast, 60% to hit)
The stone arrow hits Dowan!!
You kill Dowan!
The killer bee barely misses you. The killer bee stings you.
* * * LOW HITPOINT WARNING * * *
Your Conjurations skill increases to level 3!
Unknown command.
Casting: Stone Arrow (dangerous; 3% risk of failure)
Confirm with . or Enter, or press ? or * to list all spells.
Aiming: Stone Arrow (dangerous; 3% risk of failure)
Press: ? - help, Shift-Dir - straight line, f - killer bee
Aim: a killer bee (48% to hit)
The stone arrow misses the killer bee.
The killer bee stings you.
* * * LOW HITPOINT WARNING * * *
You are poisoned.
The killer bee poisons you!
The killer bee is distracted by your dazzling golden aura.
Unknown command.
Casting: Stone Arrow (dangerous; 3% risk of failure)
Confirm with . or Enter, or press ? or * to list all spells.
Aiming: Stone Arrow (dangerous; 3% risk of failure)
Press: ? - help, Shift-Dir - straight line, f/p - killer bee
Aim: a killer bee (unaware, hasn't noticed you, 48% to hit)
The stone arrow hits the killer bee!
The killer bee is almost dead.
The killer bee is no longer distracted by gold.
The killer bee buzzes angrily.
You feel sick. The killer bee stings you.
You die...
Your body crumbles into a pile of gold.

* , #.. * * ..# ** , ,
..# , #.## * #..# *
#.. , * * *#####
#.###.# , #####......#
####$....# , *
...........#
#..@####...#
...........# #..y# # ,
...........# #...# *
...........# #...# ,,
...........# #...# #
,* $ ...........#
#...#.# * , ,
...........# #.....# *
..........####.....##.
###...................


You could see a killer bee.

Vanquished Creatures
  Duvessa (D:5)
  A black bear (D:4)
  An ogre (D:4)
  Dowan (D:5)
  An iguana (D:2)
  An orc wizard (D:4)
  Robin (D:3)
  4 adders
  A worm (D:4)
  6 orcs (D:4)
  6 bats
  3 endoplasms
  2 giant cockroaches
  14 goblins
  8 hobgoblins
  3 jackals (D:4)
  3 quokkas
  4 ball pythons
  5 frilled lizards
  2 kobolds
  A rat (D:2)
69 creatures vanquished.

Notes
Turn   | Place    | Note
-------+----------+-------------------------------------------
     0 | D:1      | lunkers the Meteoran Earth Elementalist began the quest for
                  | the Orb.
     0 | D:1      | Reached XP level 1. HP: 14/14 MP: 5/5
   177 | D:1      | Reached XP level 2. HP: 20/20 MP: 4/6
   180 | D:1      | Learned a level 2 spell: Passwall
   185 | D:1      | Reached skill level 4 in Earth Magic
   705 | D:2      | Reached XP level 3. HP: 26/26 MP: 6/8
   820 | D:3      | Reached XP level 4. HP: 33/33 MP: 5/10
   829 | D:3      | Noticed Robin
   832 | D:3      | Reached skill level 5 in Earth Magic
   852 | D:2      | Found an ancient bone altar of Kikubaaqudgha.
   868 | D:2      | Reached XP level 5. HP: 19/38 MP: 4/11
   894 | D:3      | Killed Robin
   939 | D:3      | Found a hide-covered altar of Uskayaw.
   944 | D:3      | Found a shimmering blue altar of Sif Muna.
   947 | D:3      | Found an ornate altar of the Wu Jian Council.
   948 | D:3      | Found an iron altar of Okawaru.
   948 | D:3      | Found a broken altar of Ashenzari.
   949 | D:3      | Found an opulent altar of Gozag.
   957 | D:3      | Became a worshipper of Gozag Ym Sagoz the Greedy
  1259 | D:4      | Reached skill level 6 in Earth Magic
  1430 | D:4      | Noticed a black bear
  1437 | D:4      | Killed a black bear
  1438 | D:4      | Reached XP level 6. HP: 45/45 MP: 10/14
  1452 | D:4      | Learned a level 3 spell: Stone Arrow
  1458 | D:4      | Noticed an ogre
  1463 | D:4      | Killed an ogre
  1464 | D:4      | Reached skill level 5 in Spellcasting
  1464 | D:4      | Reached skill level 1 in Conjurations
  1464 | D:4      | Reached skill level 7 in Earth Magic
  1464 | D:4      | Reached XP level 7. HP: 50/50 MP: 12/15
  1473 | D:4      | Identified the +0 robe of Guadaena {Will+ Regen+ Int+3}
  1670 | D:5      | Entered Level 5 of the Dungeon
  1760 | D:5      | Noticed Duvessa
  1760 | D:5      | Noticed Dowan
  1771 | D:5      | Killed Duvessa
  1774 | D:5      | Killed Dowan
  1776 | D:5      | HP: 2/50 [poisoned by a killer bee]
  1776 | D:5      | Slain by a killer bee

Illustrated notes

Levels and vault maps discovered:
D:1:      beargit_arrival_greenhouse, layout_basic, serial_shops,
          nicolae_diamond_shop, minmay_misc_feat_roman
D:2:      layout_rooms, serial_curves, eino_curves_01, eino_curves_03,
          basic_altar
D:3:      layout_loops_cross, grunt_temple_overflow_open,
          minmay_tree_intersection, minmay_strange_pillars,
          uniq_crazy_yiuf_cottage, uniq_ijyb, uniq_robin
D:4:      nicolae_cairo_tiling, layout_layer_cave
D:5:      layout_basic, serial_shops, nicolae_shop_bloodbath_and_beyond,
          portal_sewer_entry_d, uniq_duvessa

Skill      XL: |  1  2  3  4  5  6  7 |
---------------+----------------------+-----
Earth Magic    | 4 5 6 7 |  7.6
Spellcasting   | 3 4 5 |  5.3
Conjurations   | 1 3 |  3.0
Dodging        | |  2.4
Stealth        | |  1.4
Transmutations | |  1.2

Action                   |  1- 3 |  4- 6 |  7- 9 || total
-------------------------+-------+-------+-------++-------
 Cast: Sandblast         |    25 |    56 |    16 ||    97
       Stone Arrow       |       |       |     6 ||     6
  Use: Scroll            |       |     1 |       ||     1
       Potion            |       |       |     1 ||     1
Armor: Robe              |     1 |     5 |     1 ||     7
Dodge: Dodged            |     1 |    18 |     8 ||    27

Table legend: (Time is in decaauts)
 A = Elapsed time spent in this place.
 B = Non-inter-level travel time spent in this place.
 C = Inter-level travel time spent in this place.
 D = Time resting spent in this place.
 E = Time spent auto-exploring this place.
 F = Levels seen in this place.
 G = Mean time per level.
                   A        B        C        D        E       F      G
               +--------+--------+--------+--------+--------+-----+--------+
         Total |   1824 |   1737 |     87 |      0 |   1326 |   5 |  364.8 |
       Dungeon |   1824 |   1737 |     87 |      0 |   1326 |   5 |  364.8 |
               +--------+--------+--------+--------+--------+-----+--------+

Top non-repeatable levels by time:
     D:4: 622 daAuts
     D:1: 491 daAuts
     D:2: 314 daAuts
     D:3: 285 daAuts
     D:5: 111 daAuts
